 Dungeon Crawl Stone Soup version 0.22.1-1-ga44c0e5 (webtiles) character file.

79 Fang the Skirmisher (level 4, -1/43 HPs)
             Began as a Gargoyle Berserker on Sept 27, 2018.
             Was a Believer of Trog.
             Slain by Sigmund
             ... wielding a +0 scythe of freezing
              (7 damage)
             ... on level 2 of the Dungeon.
             The game lasted 00:02:01 (977 turns).

Fang the Skirmisher (Gargoyle Berserker)             Turns: 977, Time: 00:02:02

Health: -1/43      AC:  5    Str: 26    XL:     4   Next: 37%
Magic:  4/4        EV: 12    Int:  8    God:    Trog [**....]
Gold:   73         SH:  0    Dex:  9    Spells: 3/3 levels left

rFire    . . .     SeeInvis .   a - +0 hand axe
rCold    . . .     Gourm    .   (no shield)
rNeg     + . .     Faith    .   b - +0 animal skin
rPois    ∞         Spirit   .   (no helmet)
rElec    +         Reflect  .   (no cloak)
rCorr    .         Harm     .   (no gloves)
MR       .....                  (no boots)
Stlth    ..........             (no amulet)
HPRegen  0.14/turn              (no ring)
MPRegen  0.09/turn              (no ring)

@: berserking (expiring), very quick
A: negative energy resistance 1, electricity resistance, unbreathing,
petrification resistance, rot immunity, AC +3
a: Berserk, Trog's Hand, Renounce Religion


You were on level 2 of the Dungeon.
You worshipped Trog.
Trog was pleased with you.
You were not hungry.

You visited 1 branch of the dungeon, and saw 2 of its levels.

You collected 73 gold pieces.

Inventory:

Hand Weapons
 a - a +0 hand axe (weapon)
Armour
 b - a +0 animal skin (worn)
Scrolls
 d - a scroll of teleportation {unknown}
 f - 3 scrolls of immolation {unknown}
Potions
 e - 2 potions of curing {unknown}
 g - a potion of resistance {unknown}
Comestibles
 c - a ration


   Skills:
 + Level 3.8 Fighting
 + Level 3.6 Axes
 + Level 2.2 Armour
 + Level 2.4 Dodging


You had 3 spell levels left.
You didn't know any spells.
Your spell library was empty.

Dungeon Overview and Level Annotations

Branches:
Dungeon (2/15)

Altars:
Gozag

Annotations:
D:2 Sigmund


Innate Abilities, Weirdness & Mutations

You are resistant to torment.
Your stone body is resilient. (AC +3)
You are immune to poison.
You resist negative energy. (rN+)
You are resistant to electric shocks. (rElec)
You can survive without breathing.
You are immune to petrification.
You are immune to rotting.


Message History

You are too injured to fight recklessly!
You barely miss the leopard gecko skeleton.
You slash the rat!
You kill the rat!
Trog accepts your kill.
You closely miss Robin.
The leopard gecko skeleton bites you but does no damage.
Unknown command.
You hit the leopard gecko skeleton.
The leopard gecko skeleton is almost destroyed.
You hit Robin.
You kill Robin!
Trog accepts your kill. Something barely misses you.
The leopard gecko skeleton misses you.
Unknown command.
You slash the leopard gecko skeleton!
You destroy the leopard gecko skeleton!
Trog accepts your kill. Something hits you!
You die...

..##.# .....( #########
...... #...#8_8# ......
....#...# #......
....#...# .......
....##.##########.....(.
.........##.............
................†){.....
.(......#.......@)......
...)....#.....?.))......
........#...............
...†......?.............
[........#########......
........## ##.##.
.......## .. .......# .#
.......#


There were no monsters in sight!

Vanquished Creatures
  Robin (D:2)
  An adder (D:2)
  2 dart slugs
  A leopard gecko (D:2)
  9 bats
  A giant cockroach (D:2)
  12 goblins
  5 hobgoblins
  4 jackals (D:1)
  4 kobolds
  2 ball pythons (D:1)
  2 frilled lizards (D:1)
  A leopard gecko skeleton (D:2)
  3 rats
48 creatures vanquished.

Notes
Turn   | Place    | Note
-------+----------+-------------------------------------------
     0 | D:1      | Fang the Gargoyle Berserker began the quest for the Orb.
     0 | D:1      | Reached XP level 1. HP: 14/14 MP: 1/1
   138 | D:1      | Reached XP level 2. HP: 16/19 MP: 2/2
   317 | D:1      | Reached XP level 3. HP: 22/24 MP: 3/3
   667 | D:1      | Reached ** piety under Trog
   925 | D:2      | Found an opulent altar of Gozag.
   960 | D:2      | Noticed Robin
   962 | D:2      | Noticed Sigmund
   966 | D:2      | Reached XP level 4. HP: 29/29 MP: 4/4
   976 | D:2      | Killed Robin
   977 | D:2      | Slain by Sigmund

Skill      XL: |  1  2 |
---------------+-------+-----
Axes           | 3 |  3.6
Dodging        | 2 |  2.4
Fighting       | |  3.8
Armour         | |  2.2

Action                   |  1- 3 |  4- 6 || total
-------------------------+-------+-------++-------
Melee: Hand axe          |   137 |    10 ||   147
Invok: Berserk           |     2 |       ||     2
  Eat: Ration            |       |     1 ||     1
Armor: Animal skin       |   110 |     2 ||   112
Dodge: Dodged            |   146 |     7 ||   153
